Map: Orbital Shipyard

Players

Soundwave - Winner!

  • Race: Zerg Zerg

A.I. 1 (Very Hard)

  • Race: Terran Terran

VOD

Have the link to the VOD?

Description

Time

  • Played on: Nov. 17, 2015, 2:29 a.m.
  • Length: 27:04
Show
View Real Time Build Order
Export as new Build Order

Soundwave Zerg - Winner!

Build Orders: Hatch First, Lurkers 

Get SALT Encoding   

  12  0:04  Drone  
  13  0:10  Drone  
  14  0:20  Drone, Extractor  
  15  0:41  Hatchery  
  14  0:49  Drone, Extractor  
  15  0:59  Spawning Pool  
  14  1:05  Extractor  
  14  1:06  Drone  
  14  1:07  Extractor  
  14  1:10  Drone  
  14  1:15  Overlord  
  16  1:35  Overlord  
  16  1:36  Overlord  
  16  1:40  Drone  
  16  1:46  Queen  
  17  1:52  Queen  
  21  1:58  Extractor  
  20  2:01  Drone  
  20  2:02  Drone  
  20  2:03  Drone  
  20  2:07  Drone  
  24  2:23  Queen  
  26  2:38  Queen  
  26  2:43  Drone  
  26  2:44  Drone x4  
  32  2:45  Drone  
  34  2:56  Overlord  
  34  3:24  Drone x3  
  34  3:25  Evolution Chamber, Drone x4  
  34  3:26  Evolution Chamber  
  39  3:28  Metabolic Boost  
  39  3:35  Extractor  
  38  3:49  Drone  
  38  3:50  Drone x2  
  38  3:52  Zerg Melee Weapons Level 1  
  38  3:54  Zergling x6  
  44  3:57  Overlord x2  
  44  4:09  Overlord  
  44  4:12  Lair  
  44  4:20  Zergling x4  
  44  4:21  Zergling x8  
  50  4:39  Zerg Ground Armor Level 1  
  50  4:43  Drone x5  
  50  4:44  Drone  
  56  4:46  Extractor  
  56  4:48  Extractor  
  56  4:49  Spore Crawler  
  53  4:58  Spore Crawler  
  52  5:23  Spine Crawler  
  52  5:25  Spine Crawler  
  50  5:30  Roach Warren  
  49  5:35  Hatchery  
  48  5:59  Drone x3  
  48  6:00  Drone x3  
  54  6:11  Roach x5  
  55  6:12  Roach x3  
  67  6:34  Overlord x4  
  67  6:35  Overlord x2  
  67  6:41  Zerg Melee Weapons Level 2  
  67  6:43  Zerg Ground Armor Level 2  
  67  6:44  Glial Reconstitution  
  67  6:47  Roach x3  
  73  7:06  Queen  
  75  7:12  Drone x4  
  75  7:13  Drone x6  
  75  7:14  Drone x5  
  90  7:38  Spine Crawler  
  89  7:44  Drone  
  89  7:45  Drone x6, Hydralisk Den, Infestation Pit  
  94  8:10  Roach x6  
  94  8:11  Roach x3  
  112  8:21  Muscular Augments  
  112  8:22  Hydralisk x4  
  112  8:25  Overlord x2  
  112  8:26  Overlord x2  
  120  8:49  Extractor x2  
  118  8:59  Hydralisk x3  
  118  9:00  Hydralisk x7  
  118  9:01  Hydralisk  
  140  9:17  Hatchery  
  139  9:44  Extractor x2  
  137  10:02  Overlord x3  
  137  10:03  Overlord x3  
  137  10:06  Lurker Den  
  137  10:09  Hive  
  137  10:56  Overseer  
  137  11:05  Zerg Missile Weapons Level 1, Tunneling Claws  
  137  11:14  Drone x3  
  137  11:16  Drone x3  
  143  12:02  Hydralisk x6  
  143  12:03  Hydralisk x3  
  143  12:06  Lurker  
  143  12:07  Lurker x7  
  143  12:08  Lurker x5  
  174  12:09  Zergling x2  
  174  12:10  Zergling x12  
  174  12:11  Zergling x14  
  174  12:12  Zergling x14  
  174  12:13  Zergling x8  
  199  12:26  Zerg Melee Weapons Level 3  
  163  13:12  Hydralisk x4  
  163  13:13  Hydralisk x7  
  163  13:14  Hydralisk x6  
  197  13:42  Drone x2  
  199  14:19  Zerg Ground Armor Level 3  
  199  14:23  Adrenal Glands  
  199  14:33  Ultralisk Cavern  
  130  15:11  Hydralisk x6  
  130  15:12  Hydralisk x7  
  130  15:13  Hydralisk x6  
  130  15:14  Hydralisk x7  
  143  15:15  Hydralisk x4  
  163  15:29  Zergling x10  
  163  15:30  Zergling x8  
  172  15:55  Hatchery  
  171  16:05  Hydralisk x2  
  171  16:06  Hydralisk x3  
  171  16:07  Ultralisk x3  
  171  16:09  Zergling x2  
  200  17:21  Extractor  
  199  17:23  Zergling x2  
  199  17:24  Extractor  
  199  17:43  Zerg Missile Weapons Level 2  
  199  17:45  Chitinous Plating  
  199  17:52  Extractor  
  199  17:56  Hatchery  
  197  18:01  Extractor  
  187  18:18  Hydralisk x2  
  187  18:19  Hydralisk x7  
  189  18:20  Hydralisk x5  
  189  18:22  Zergling x2  
  197  18:46  Hydralisk x5  
  197  18:47  Hydralisk  
  190  18:56  Zergling x2  
  190  18:57  Zergling x12  
  190  18:58  Zergling x6  
  198  19:12  Zergling x2  
  195  20:10  Lurker x2  
  195  20:11  Lurker x6  
  195  20:12  Lurker x3  
  190  22:06  Ultralisk  
  190  22:07  Zergling x6  
  182  23:20  Hydralisk  
  182  23:21  Hydralisk x5  
  182  23:22  Hydralisk x2  
  182  23:23  Zergling x2  
  194  24:52  Zergling x2  
  194  24:53  Zergling x10  
  183  26:12  Zergling x4  
  183  26:13  Zergling x12  
  183  26:14  Zergling x10  
  183  26:15  Zergling x6  
Show
View Real Time Build Order
Export as new Build Order

A.I. 1 (Very Hard) Terran 

Build Orders: Bio Tank, MMM Bio 

Get SALT Encoding   

  12  0:00  SCV  
  13  0:13  SCV  
  14  0:19  Supply Depot  
  14  0:25  SCV  
  15  0:40  SCV  
  15  0:42  Barracks  
  16  0:53  SCV  
  17  1:05  SCV  
  18  1:15  Supply Depot  
  18  1:17  SCV  
  19  1:21  Refinery  
  19  1:29  SCV, Marine  
  21  1:41  SCV  
  21  1:46  Marine  
  23  1:51  Barracks  
  23  1:53  SCV  
  24  1:55  Refinery  
  24  2:02  Supply Depot  
  24  2:04  Marine  
  24  2:05  SCV  
  26  2:17  SCV  
  26  2:22  Marine  
  28  2:27  Factory  
  28  2:29  SCV  
  29  2:37  Marine  
  29  2:40  Marine  
  29  2:41  SCV  
  32  2:54  SCV  
  32  2:55  Marine  
  32  2:58  Marine  
  35  3:06  SCV  
  35  3:07  Barracks  
  36  3:13  Marine  
  36  3:16  Barracks Tech Lab  
  36  3:18  SCV  
  38  3:20  Factory Tech Lab  
  38  3:30  SCV  
  38  3:31  Supply Depot, Barracks Tech Lab  
  39  3:52  SCV, Marine x2  
  39  3:53  Stimpack  
  42  4:03  Combat Shields  
  42  4:04  SCV  
  43  4:17  SCV  
  44  4:24  Supply Depot  
  44  4:29  SCV  
  45  4:39  Marauder  
  45  4:40  Supply Depot, Barracks Reactor  
  45  4:43  Barracks  
  47  4:46  Command Center, SCV  
  47  4:50  Marauder  
  50  4:59  Orbital Command  
  50  5:01  Marauder  
  52  5:11  Siege Tank  
  52  5:12  Marauder  
  57  5:16  Marine  
  57  5:19  Supply Depot  
  58  5:22  Marauder  
  60  5:30  Marine  
  60  5:32  Marine  
  62  5:40  Marauder  
  64  5:43  Siege Tank  
  64  5:44  Supply Depot  
  64  5:49  Marauder  
  68  5:59  SCV  
  68  6:01  SCV  
  68  6:02  Marauder  
  72  6:11  SCV  
  73  6:13  SCV  
  73  6:16  Hellion  
  76  6:21  Marauder  
  76  6:23  SCV, Marauder  
  81  6:28  SCV  
  81  6:29  Supply Depot  
  82  6:35  SCV  
  82  6:37  Hellion  
  85  6:40  SCV  
  86  6:47  SCV  
  86  6:53  Supply Depot  
  86  6:54  Engineering Bay, Concussive Shells  
  87  6:58  Siege Tank  
  87  6:59  Engineering Bay  
  90  7:05  Command Center  
  90  7:19  Orbital Command  
  90  7:23  Terran Infantry Weapons Level 1, Missile Turret  
  90  7:24  Terran Infantry Armor Level 1  
  90  7:27  Missile Turret  
  90  7:30  Siege Tank  
  90  7:31  Starport  
  93  7:37  Armory  
  93  7:43  Refinery  
  93  7:47  Refinery  
  93  7:58  Marine  
  93  8:00  Marine  
  93  8:03  Hellion  
  97  8:09  SCV  
  98  8:12  Supply Depot, Starport Reactor  
  98  8:17  SCV x2  
  100  8:21  Armory  
  100  8:22  SCV  
  100  8:25  Refinery, Terran Vehicle Weapons Level 1  
  101  8:28  Missile Turret  
  101  8:29  SCV  
  101  8:32  SCV, Missile Turret  
  101  8:34  SCV  
  104  8:41  SCV  
  105  8:45  Marauder  
  105  8:46  SCV x2  
  109  8:48  Medivac  
  109  8:51  Medivac  
  109  8:53  SCV  
  114  8:57  Marauder  
  114  8:58  SCV  
  114  8:59  SCV  
  118  9:02  Supply Depot  
  118  9:05  SCV  
  118  9:08  Terran Vehicle And Ship Armor Level 1, Siege Tank  
  122  9:10  SCV  
  122  9:11  SCV  
  124  9:17  SCV  
  124  9:22  SCV  
  124  9:23  SCV  
  127  9:24  Supply Depot  
  127  9:29  SCV  
  127  9:30  Terran Infantry Weapons Level 2  
  128  9:34  SCV  
  128  9:35  SCV, Missile Turret  
  130  9:40  Widow Mine  
  130  9:42  Orbital Command  
  130  9:43  Medivac  
  134  9:49  Supply Depot  
  134  9:55  Missile Turret  
  134  9:59  Factory  
  134  10:01  Missile Turret  
  134  10:02  SCV  
  134  10:03  Missile Turret  
  134  10:06  Missile Turret  
  134  10:08  Widow Mine  
  134  10:09  Missile Turret  
  134  10:10  Missile Turret  
  134  10:13  Command Center, Missile Turret  
  136  10:15  Supply Depot  
  136  10:24  Terran Vehicle Weapons Level 2  
  136  10:30  Hi-Sec Auto Tracking, Starport  
  136  10:34  Missile Turret  
  136  10:38  Siege Tank  
  139  10:42  Widow Mine  
  139  10:48  Medivac  
  139  10:49  Refinery  
  143  10:51  Supply Depot  
  143  11:01  Marine  
  143  11:03  Marine  
  143  11:04  Marine x2  
  146  11:05  Marine  
  146  11:07  Starport Tech Lab  
  146  11:09  Widow Mine  
  150  11:13  Missile Turret  
  150  11:16  Barracks  
  150  11:18  Supply Depot, Factory Tech Lab  
  150  11:19  Marine  
  150  11:20  Marine  
  150  11:21  Marine  
  150  11:25  SCV, Raven  
  154  11:26  SCV x3  
  154  11:28  High Capacity Fuel Tanks  
  159  11:37  SCV, Cyclone  
  159  11:38  Siege Tank, Building Armor  
  166  11:43  Planetary Fortress, Refinery  
  166  11:44  Missile Turret  
  166  11:47  Missile Turret  
  166  11:49  Barracks Tech Lab, Viking, Refinery  
  166  11:50  Viking  
  170  11:56  Supply Depot  
  170  11:57  Command Center  
  170  12:08  Viking  
  172  12:17  Fusion Core  
  172  12:19  Viking  
  174  12:26  Viking  
  174  12:27  Missile Turret  
  176  12:38  Raven  
  176  12:39  Starport  
  176  12:42  Marauder x2  
  176  12:43  Hellion, Marine x2, Marauder  
  176  12:44  Marine  
  175  12:49  Viking  
  132  12:55  Hellion  
  132  12:56  Viking  
  110  13:01  Marine x3  
  110  13:03  Marine x2  
  110  13:04  Marauder  
  110  13:05  Hellion  
  119  13:11  Refinery  
  119  13:14  Viking  
  119  13:16  Siege Tank  
  119  13:19  Viking, Marine x3  
  129  13:21  Battlecruiser, Marauder  
  129  13:22  Marauder  
  129  13:25  Marine  
  129  13:26  Viking, Siege Tank  
  145  13:30  Refinery  
  145  13:43  Marauder x3  
  145  13:45  Starport Tech Lab  
  145  13:48  Siege Tank  
  154  13:58  Siege Tank  
  157  14:03  Battlecruiser  
  157  14:04  Marauder x2  
  157  14:05  Marauder  
  169  14:20  Siege Tank  
  172  14:25  Battlecruiser  
  172  14:26  Marauder x3  
  172  14:30  Siege Tank  
  187  14:47  Marauder x3  
  187  14:49  Planetary Fortress  
  187  14:51  Missile Turret  
  187  14:52  Siege Tank  
  192  14:53  Missile Turret  
  192  14:55  Missile Turret  
  172  15:01  Viking  
  172  15:02  Siege Tank  
  172  15:03  Viking  
  158  15:07  Battlecruiser  
  131  15:24  Siege Tank  
  131  15:29  Viking  
  131  15:31  Viking  
  131  15:32  Command Center  
  131  15:33  Terran Vehicle Weapons Level 3  
  131  15:34  Siege Tank  
  138  15:36  Viking  
  140  15:46  Terran Ship Weapons Level 1  
  140  15:53  Weapon Refit  
  140  15:59  Viking  
  140  16:01  Viking  
  144  16:06  Viking  
  146  16:12  Battlecruiser  
  152  16:29  Viking  
  152  16:31  Viking  
  156  16:36  Viking  
  158  16:49  Liberator  
  158  16:54  Planetary Fortress, Behemoth Reactor  
  158  16:55  Command Center, Refinery  
  158  16:56  Missile Turret  
  158  16:58  Missile Turret  
  158  16:59  Viking  
  158  17:00  Missile Turret  
  160  17:01  Refinery  
  160  17:06  Starport  
  163  17:16  Battlecruiser  
  163  17:21  Medivac  
  171  17:29  Raven  
  173  17:35  Marine x6  
  173  17:36  Hellion x2  
  182  17:38  SCV  
  182  17:42  Medivac  
  185  17:53  Marine  
  185  17:57  Siege Tank  
  185  17:58  Siege Tank  
  192  18:04  Terran Infantry Weapons Level 3  
  192  18:11  Viking  
  192  18:12  Raven  
  185  18:13  Viking  
  185  18:16  Viking  
  185  18:17  Planetary Fortress, Refinery, Marine x4  
  185  18:18  Marine x2  
  158  18:20  Battlecruiser, SCV  
  158  18:21  SCV x2  
  158  18:24  Command Center, Missile Turret  
  158  18:25  SCV x2  
  136  18:28  Missile Turret  
  136  18:30  Hellion, Siege Tank  
  136  18:32  Missile Turret  
  122  18:34  Marine  
  122  18:35  Marine x4  
  122  18:36  Marauder  
  122  18:40  Refinery  
  129  18:41  Viking  
  129  18:44  Starport Tech Lab  
  129  18:46  Viking  
  120  18:51  Siege Tank  
  120  18:52  SCV, Marine x3  
  120  18:53  Marine x2  
  120  18:55  SCV  
  119  18:58  Marauder  
  119  19:01  SCV  
  103  19:02  SCV  
  103  19:09  SCV x2  
  92  19:11  SCV, Marine x2, Viking, Marauder x2  
  92  19:12  SCV  
  92  19:13  SCV x2  
  92  19:14  SCV  
  92  19:16  Viking  
  96  19:18  Marine  
  96  19:21  SCV x2  
  96  19:23  SCV, Siege Tank  
  92  19:25  SCV x2  
  92  19:29  Marine x2  
  86  19:31  SCV  
  86  19:32  Marine  
  86  19:33  SCV  
  85  19:41  Viking  
  85  19:46  Viking  
  85  19:48  Command Center  
  86  19:55  Siege Tank, Marine  
  86  19:57  Marine  
  86  19:59  Marine  
  90  20:01  Marine  
  90  20:02  Marine  
  86  20:12  SCV  
  86  20:13  SCV, Marine  
  85  20:14  Marine  
  85  20:15  SCV  
  85  20:17  SCV, Marine  
  85  20:19  SCV, Marine  
  85  20:20  SCV, Marine  
  93  20:22  SCV  
  93  20:24  SCV  
  95  20:32  Marine, Marauder  
  95  20:34  Marine  
  99  20:36  Marine  
  99  20:38  Marine  
  101  20:50  Marine  
  101  20:51  Hellion  
  101  20:52  Marine x2  
  101  20:53  SCV  
  101  20:54  Marine  
  101  20:56  SCV  
  107  20:58  Marine  
  107  21:00  SCV  
  103  21:09  Marauder  
  103  21:11  Marauder x2  
  107  21:18  SCV  
  108  21:19  SCV  
  108  21:22  SCV  
  108  21:23  SCV  
  108  21:25  SCV  
  112  21:27  SCV x2  
  112  21:32  Marauder  
  115  21:33  SCV  
  115  21:36  Marauder  
  115  21:38  Marauder  
  120  21:41  Marine  
  121  21:48  Hellion  
  121  21:53  Marauder  
  124  21:57  Marauder  
  124  22:00  Marauder  
  120  22:01  SCV  
  119  22:09  Hellion  
  119  22:14  SCV  
  123  22:15  SCV  
  123  22:16  SCV  
  123  22:18  SCV x2  
  123  22:21  SCV  
  126  22:25  Marauder  
  126  22:26  SCV  
  126  22:27  Marauder  
  126  22:29  Marauder  
  119  22:30  SCV  
  119  22:31  Hellion  
  119  22:32  SCV  
  119  22:34  SCV  
  119  22:35  Command Center  
  119  22:36  SCV  
  105  22:38  SCV  
  105  22:43  SCV  
  105  22:44  SCV, Marine x2  
  105  22:47  SCV, Marine  
  105  22:48  Marine  
  81  22:52  Siege Tank  
  81  22:56  Marine  
  70  23:10  SCV x2  
  70  23:12  SCV  
  69  23:13  SCV, Marine  
  69  23:15  SCV  
  70  23:22  SCV  
  70  23:23  Command Center  
  70  23:24  SCV  
  70  23:25  SCV  
  72  23:30  SCV  
  72  23:34  Command Center  
  72  23:36  SCV  
  72  23:37  SCV  
  70  23:42  SCV  
  70  23:48  SCV  
  69  23:50  SCV  
  70  24:01  Supply Depot  
  68  24:03  Engineering Bay  
  68  24:05  Supply Depot  
  66  24:31  SCV x3  
  62  24:35  SCV  
  62  24:36  Supply Depot  
  60  24:38  Engineering Bay  
  60  24:43  SCV x3  
  54  24:46  Missile Turret  
  54  24:47  Barracks  
  47  24:59  Missile Turret  
  42  25:10  SCV  
  42  25:11  SCV x2  
  42  25:19  SCV  
  36  25:26  SCV  
  35  25:28  SCV  
  35  25:32  SCV  
  30  25:39  Command Center  
  30  25:41  SCV  
  31  25:45  SCV  
  33  25:50  Command Center  
  33  25:53  SCV  
  33  25:55  Supply Depot  
  18  25:57  Engineering Bay  
  17  26:14  SCV x2  
  18  26:26  SCV  
  19  26:35  SCV  
  14  26:47  SCV  
  14  26:51  SCV  
Tags
 
Add a new tag
Caveats
  • Supply blocks, unpowered buildings, or Contaminate may cause inaccurate times.
  • Supply counts are checked every 10 seconds.